[Event "ICC tourney 2069 (15 5)"]
[Site "Internet Chess Club"]
[Date "2020.10.18"]
[Round "1"]
[White "Yeetamus123"]
[Black "tangent"]
[Result "0-1"]
[ICCResult "White checkmated"]
[WhiteElo "1312"]
[BlackElo "2290"]
[Opening "Sicilian: closed"]
[ECO "B23"]
[NIC "SI.44"]
[Time "12:05:47"]
[TimeControl "900+5"]

1. e4 c5 2. Nc3 e6 3. f4 a6 4. Nf3 d6 5. Bc4 b5 6. Be2 Bb7 7. d3 Be7 8. O-O
Nf6 9. Qe1 Nc6 10. f5 e5 11. a3 h6 12. Qg3 Kf8 13. Bd2 Rc8 14. Rf2 Nd4 15.
Bd1 b4 16. Ne2 Nxe2+ 17. Bxe2 Qb6 18. axb4 cxb4 19. c3 Bxe4 20. dxe4 Nxe4
21. Rxa6 Qc5 22. cxb4 Qd5 23. Qh3 Nxd2 24. Nxd2 Qxd2 25. Bf1 Qc1 26. Ra7 d5
27. f6 gxf6 28. Qd7 Re8 29. Rc7 Qe3 30. Bb5 Kg7 31. Qg4+ Qg5 32. Qxg5+ hxg5
33. Bxe8 Rxe8 34. Rfc2 Bxb4 35. Rb7 Bd6 36. Rc6 Rd8 37. Rbb6 Bb8 38. Rxf6
Ba7 39. Kf1 Bxb6 40. Rxb6 d4 41. Ke2 f6 42. Kd3 Kg6 43. g4 Rh8 44. Rc6 Rxh2
45. Rc2 Rxc2 46. Kxc2 Kf7 47. Kd3 Ke6 48. Ke4 Kd6 49. b4 Kc6 50. Kd3 Kb5 51.
Ke4 Kxb4 52. Kd3 Kb3 53. Kd2 e4 54. Ke2 Kc2 55. Ke1 d3 56. Kf2 d2 57. Ke2
d1=Q+ 58. Ke3 Qd3+ 59. Kf2 Qf3+ 60. Kg1 Qxg4+ 61. Kh1 Qe2 62. Kg1 Qd2 63.
Kf1 e3 64. Kg1 e2 65. Kh1 e1=Q# {White checkmated} 0-1

[Event "ICC tourney 2069 (15 5)"]
[Site "Internet Chess Club"]
[Date "2020.10.18"]
[Round "1"]
[White "john-hartmann"]
[Black "MYMChessWyatt"]
[Result "1-0"]
[ICCResult "Black checkmated"]
[WhiteElo "1452"]
[BlackElo "1186"]
[Opening "King's Indian: orthodox, Aronin-Taimanov variation (Yugoslav attack / Mar del Plata variation)"]
[ECO "E97"]
[NIC "KI.15"]
[Time "12:05:45"]
[TimeControl "900+5"]

1. d4 Nf6 2. c4 g6 3. Nc3 Bg7 4. e4 d6 5. Nf3 O-O 6. Be2 e5 7. O-O Nc6 8. d5
Ne7 9. Qc2 Nd7 10. Rd1 a5 11. Be3 f5 12. Ng5 Nf6 13. f3 f4 14. Bf2 h6 15.
Ne6 Bxe6 16. dxe6 g5 17. c5 Rc8 18. Qa4 h5 19. cxd6 cxd6 20. Nb5 Ne8 21. Rd2
Rf6 22. Rad1 Rg6 23. Nxd6 Nxd6 24. Rxd6 Qe8 25. Qxa5 Nc6 26. Qd5 Kh8 27. h3
Qg8 28. Kh1 g4 29. Qb3 gxh3 30. gxh3 Bf8 31. e7 Bxe7 32. Rxg6 Qxg6 33. Rg1
Qe8 34. Qe6 Qf8 35. Rg6 Qe8 36. Bc4 Rd8 37. Bd5 Nd4 38. Qxe5+ Kh7 39. Rg7+
Kh6 40. Rxe7 Qh8 41. Bxd4 Qxe5 42. Rxe5 Rf8 43. Rf5 Rd8 44. Rxf4 Kg5 45.
Rf5+ Kh4 46. Kh2 Rd6 47. Be5 Rb6 48. Bg3# {Black checkmated} 1-0

[Event "ICC tourney 2069 (15 5)"]
[Site "Internet Chess Club"]
[Date "2020.10.18"]
[Round "1"]
[White "prajit5803"]
[Black "steinutz"]
[Result "0-1"]
[ICCResult "White forfeits on time"]
[WhiteElo "1178"]
[BlackElo "1766"]
[Opening "Scandinavian: Pytel-Wade variation"]
[ECO "B01"]
[NIC "SD.02"]
[Time "12:06:23"]
[TimeControl "900+5"]

1. e4 d5 2. exd5 Qxd5 3. Nc3 Qd6 4. Nf3 c6 5. Bc4 Nf6 6. h3 Bf5 7. d3 e6 8.
Be3 Be7 9. O-O Nbd7 10. Qd2 Qc7 11. a3 O-O 12. Rfe1 Rfe8 13. d4 Rad8 14.
Rad1 Nd5 15. Bg5 Bxg5 16. Qxg5 Bxc2 17. Rc1 h6 18. Qd2 N5b6 19. Bxe6 Bg6 20.
Bb3 a6 21. Bc2 Bxc2 22. Qxc2 Nf6 23. Rcd1 Qf4 24. Qb3 Qc7 25. Qc2 Nbd5 26.
Nxd5 Nxd5 27. Re5 f6 28. Re4 Re7 29. Rde1 Rde8 30. Rxe7 Rxe7 31. Rxe7 Nxe7
32. Qb3+ Kh7 33. Qd3+ g6 34. b4 Kg7 35. Qc4 Qd6 36. a4 b5 37. axb5 axb5 38.
Qc3 g5 39. g4 Qe6 40. Kh2 Nd5 41. Qb3 Qd6+ 42. Kg2 Qxb4 43. Qc2 Qd6 44. h4
Nf4+ 45. Kg1 Qd5 46. Qd1 gxh4 47. Kf1 h3 48. Kg1 b4 49. Nh4 Kf7 50. Qd2 Qg5
{White forfeits on time}
0-1

[Event "ICC tourney 2069 (15 5)"]
[Site "Internet Chess Club"]
[Date "2020.10.18"]
[Round "1"]
[White "jackthebest007"]
[Black "pauldepstein"]
[Result "1-0"]
[ICCResult "Black forfeits on time"]
[WhiteElo "1477"]
[BlackElo "1311"]
[Opening "Queen's pawn game, Darooha variation "]
[ECO "D02"]
[NIC "QP.06"]
[Time "12:06:50"]
[TimeControl "900+5"]

1. d4 Nf6 2. Nf3 d5 3. Nc3 c6 4. Bg5 e6 5. e3 Be7 6. Bxf6 Bxf6 7. Ne5 Nd7 8.
Nd3 e5 9. dxe5 Nxe5 10. Nc5 O-O 11. Be2 b6 12. Nd3 Re8 13. Nf4 Ng6 14. Nxg6
fxg6 15. Bf3 Bb7 16. a3 d4 17. Ne4 dxe3 18. Nd6 exf2+ 19. Kxf2 Re7 20. Nxb7
Bd4+ 21. Kf1 Rxb7 22. Bxc6 Rf7+ 23. Bf3 Bxb2 24. Rb1 Qf6 25. Qd5 Rd8 26. Qc4
Bd4 27. Rd1 Be5 28. Rxd8+ Qxd8 29. Kf2 Qd2+ 30. Kf1 Qd1+ 31. Kf2
{Black forfeits on time}
1-0

[Event "ICC tourney 2069 (15 5)"]
[Site "Internet Chess Club"]
[Date "2020.10.18"]
[Round "1"]
[White "Aquaman"]
[Black "sahti2009"]
[Result "0-1"]
[ICCResult "White forfeits on time"]
[WhiteElo "1204"]
[BlackElo "1218"]
[Opening "Nimzovich-Larsen attack"]
[ECO "A01"]
[NIC "VO.08"]
[Time "12:21:39"]
[TimeControl "900+5"]

1. b3 e6 2. a3 d5 3. Bb2 Nf6 4. e3 Bd6 5. Be2 O-O 6. Nf3 c5 7. O-O Nc6 8.
Nc3 a6 9. Ne1 Qc7 10. f4 Re8 11. Na2 e5 12. fxe5 Nxe5 13. g3 Bh3 14. Rf2 Ne4
15. Rf4 Qe7 16. Ng2 Qg5 17. Nh4 Nxg3 {White forfeits on time} 0-1

[Event "ICC tourney 2069 (15 5)"]
[Site "Internet Chess Club"]
[Date "2020.10.18"]
[Round "1"]
[White "ROWLAND"]
[Black "harkerchess"]
[Result "0-1"]
[ICCResult "White resigns"]
[WhiteElo "1693"]
[BlackElo "1948"]
[Opening "Caro-Kann: Panov-Botvinnik attack"]
[ECO "B13"]
[NIC "CK.03"]
[Time "12:09:08"]
[TimeControl "900+5"]

1. e4 c6 2. d4 d5 3. exd5 cxd5 4. c4 Nf6 5. Nc3 Nc6 6. Nf3 e6 7. a3 a5 8.
Bd3 Be7 9. O-O O-O 10. h3 Re8 11. Bf4 Qb6 12. Qd2 dxc4 13. Bxc4 Rd8 14. Rad1
Nd5 15. Nxd5 exd5 16. Ba2 Bf6 17. Bg5 Ne7 18. Rfe1 Ng6 19. Re2 Bf5 20. Rde1
h6 21. Bxf6 Qxf6 22. Ne5 Nh4 23. Qf4 Ng6 24. Nxg6 Qxg6 25. Qg3 Qxg3 26. fxg3
Be4 27. g4 g6 28. Bb1 f5 29. gxf5 gxf5 30. Bxe4 dxe4 31. g4 Rxd4 32. gxf5
Re8 33. Re3 Kf7 34. Kg2 Kf6 35. Rb3 Re7 36. Rb6+ Kxf5 37. Rxh6 Rd2+ 38. Kf1
Rxb2 39. Rh5+ Kf4 40. Rxa5 Kg3 41. Re3+ Kf4 42. Re2 Rb1+ 43. Kf2 Rb3 44. h4
Rh3 45. h5 b6 46. Rb5 Re6 47. a4 Rc6 48. Kg2 Rg3+ 49. Kf2 e3+ 50. Kf1 Rc1+
51. Re1 e2+ 52. Kf2 Rf3+ 53. Kg2 Rxe1 54. Rb4+ Ke3 55. Rb3+ Kd2 56. Rxf3
Rg1+ 57. Kxg1 e1=Q+ 58. Kg2 Qe4 59. Kg3 Qxa4 60. Rf4 Qc6 61. Rh4 Qh6 62. Kg4
b5 63. Rh3 b4 64. Rb3 Qe6+ 65. Kg5 Qxb3 66. h6 Qh3 67. Kg6 b3 68. h7 b2 69.
Kg7 b1=Q 70. h8=Q Qb2+ {White resigns} 0-1

[Event "ICC tourney 2069 (15 5)"]
[Site "Internet Chess Club"]
[Date "2020.10.18"]
[Round "1"]
[White "christopherelam"]
[Black "WCCJCM"]
[Result "0-1"]
[ICCResult "White checkmated"]
[WhiteElo "1353"]
[BlackElo "1499"]
[Opening "Queen's pawn, Mason variation"]
[ECO "D00"]
[NIC "QP.08"]
[Time "12:32:23"]
[TimeControl "900+5"]

1. d4 d5 2. Bf4 Nf6 3. e3 e6 4. Bd3 Be7 5. c3 c5 6. Nf3 Nbd7 7. Nbd2 O-O 8.
Ne5 Nxe5 9. dxe5 Nd7 10. Nf3 Re8 11. Bc2 Nf8 12. O-O Ng6 13. Bg3 b6 14. a3
Bb7 15. Ba4 Rf8 16. Bc2 b5 17. b3 a5 18. b4 axb4 19. axb4 cxb4 20. Rxa8 Qxa8
21. cxb4 Bxb4 22. Qd4 Be7 23. Ra1 Qc8 24. Qd3 Qc4 25. Ra7 Rb8 26. h4 Qxd3
27. Bxd3 Bc5 28. Ra5 Bc6 29. h5 Nf8 30. Nd2 Bb4 31. Ra2 Bxd2 32. Rxd2 g6 33.
h6 Nd7 34. Bf4 Nc5 35. Be2 Ne4 36. Rb2 b4 37. Bd1 Nc3 38. Bb3 Ba4 39. Bxa4
Nxa4 40. Rb3 Nc5 41. Rb1 b3 42. e4 Nxe4 43. Bc1 Nc3 44. Rb2 Na4 45. Rb1 b2
46. f4 bxc1=Q+ 47. Rxc1 Nb2 48. Rb1 Rb6 49. Ra1 Rb8 50. Rb1 Kf8 51. Kf2 Ke7
52. Ke2 Rb4 53. Ra1 Rxf4 54. Ra2 Re4+ 55. Kf3 Rxe5 56. Rxb2 Kf6 57. g4 Kg5
58. Rh2 Re4 59. Rh5+ Kf6 60. Rh4 g5 61. Rh5 Rf4+ 62. Kg3 e5 63. Rh1 d4 64.
Rd1 Kg6 65. Rh1 e4 66. Rc1 Kxh6 67. Rc6+ Kg7 68. Rc5 h6 69. Rc4 e3 70. Rc7
e2 71. Re7 d3 72. Re3 d2 73. Rxe2 d1=Q 74. Rg2 Qf3+ 75. Kh2 Rxg4 76. Rb2
Rh4+ 77. Kg1 Rh1# {White checkmated} 0-1

[Event "ICC tourney 2069 (15 5)"]
[Site "Internet Chess Club"]
[Date "2020.10.18"]
[Round "2"]
[White "Jwagner354"]
[Black "agastyap"]
[Result "1-0"]
[ICCResult "Black resigns"]
[WhiteElo "1504"]
[BlackElo "1257"]
[Opening "Queen's pawn game"]
[ECO "A45"]
[NIC "QP.07"]
[Time "13:01:47"]
[TimeControl "900+5"]

1. d4 Nf6 2. Nc3 Nc6 3. e3 d5 4. Nf3 Bf5 5. Bd3 Bxd3 6. Qxd3 e5 7. dxe5 Nxe5
8. Nxe5 Qe7 9. Kf1 Qxe5 10. Qb5+ c6 11. Qxb7 Bc5 12. Qxa8+ Ke7 13. Qxh8 Qf5
14. Qb8 Ng4 15. f3 Nxe3+ 16. Bxe3 Bxe3 17. Re1 {Black resigns} 1-0

[Event "ICC tourney 2069 (15 5)"]
[Site "Internet Chess Club"]
[Date "2020.10.18"]
[Round "2"]
[White "shreyuppal"]
[Black "christopherelam"]
[Result "0-1"]
[ICCResult "White checkmated"]
[WhiteElo "1238"]
[BlackElo "1365"]
[Opening "French: advance, Nimzovich system"]
[ECO "C02"]
[NIC "FR.03"]
[Time "13:01:17"]
[TimeControl "900+5"]

1. e4 e6 2. d4 d5 3. e5 c5 4. Nf3 Nc6 5. Nc3 Qb6 6. Be3 cxd4 7. Nxd4 Qxb2 8.
Na4 Qb4+ 9. Bd2 Qxa4 10. Nxc6 Qxc6 11. Bf4 Bb4+ 12. Bd2 Bxd2+ 13. Qxd2 Bd7
14. Rb1 a6 15. Qe3 Ne7 16. Rb6 Qc7 17. Bd3 O-O 18. O-O Ng6 19. Rc1 Nxe5 20.
c4 Nxd3 21. Qxd3 Rac8 22. Qd4 Bb5 23. Qe3 Bxc4 24. Qd4 Qc5 25. Qxc5 Rxc5 26.
Rxb7 Rfc8 27. Rcb1 h6 28. a4 Ba2 29. R1b2 Rc1# {White checkmated} 0-1

[Event "ICC tourney 2069 (15 5)"]
[Site "Internet Chess Club"]
[Date "2020.10.18"]
[Round "2"]
[White "meiyab"]
[Black "blueidolon"]
[Result "1-0"]
[ICCResult "Black resigns"]
[WhiteElo "1486"]
[BlackElo "1264"]
[Opening "Queen's gambit accepted"]
[ECO "D20"]
[NIC "QG.03"]
[Time "13:01:21"]
[TimeControl "900+5"]

1. d4 d5 2. c4 dxc4 3. e3 Be6 4. Nc3 Nc6 5. d5 Bf5 6. dxc6 Qxd1+ 7. Kxd1
Rd8+ 8. Ke1 bxc6 9. e4 Bg6 10. Bxc4 Nf6 11. f3 e6 12. Be3 Bd6 13. Nge2 a5
14. Nf4 e5 15. Nxg6 hxg6 16. Kf2 O-O 17. Rhf1 Bb4 18. Kg1 Rd3 19. Bxd3 Bxc3
20. bxc3 Rb8 21. Bg5 Rb2 22. Rab1 Rxa2 23. Rb7 {Black resigns} 1-0

[Event "ICC tourney 2069 (15 5)"]
[Site "Internet Chess Club"]
[Date "2020.10.18"]
[Round "2"]
[White "mahugege"]
[Black "gitn22"]
[Result "1-0"]
[ICCResult "Black resigns"]
[WhiteElo "1357"]
[BlackElo "1239"]
[Opening "QGD Slav defense"]
[ECO "D10"]
[NIC "SL.01"]
[Time "13:01:47"]
[TimeControl "900+5"]

1. d4 d5 2. c4 c6 3. Nc3 Nf6 4. Bf4 e6 5. Nf3 Be7 6. e3 O-O 7. Bd3 dxc4 8.
Bxc4 b5 9. Bd3 a5 10. O-O b4 11. Ne4 Nbd7 12. Rc1 Bb7 13. Nxf6+ Nxf6 14. Ne5
Rc8 15. Qf3 Qd5 16. Qxd5 exd5 17. Rc2 Bd6 18. Rfc1 Bxe5 19. Bxe5 Nd7 20. Bd6
Rfe8 21. Bf5 Red8 22. Be7 Re8 23. Bxd7 Rxe7 24. Bxc8 Rc7 {Black resigns} 1-0

[Event "ICC tourney 2069 (15 5)"]
[Site "Internet Chess Club"]
[Date "2020.10.18"]
[Round "2"]
[White "swathivjdp"]
[Black "Legolas08"]
[Result "0-1"]
[ICCResult "White resigns"]
[WhiteElo "1360"]
[BlackElo "1681"]
[Opening "Caro-Kann defense"]
[ECO "B10"]
[NIC "CK.01"]
[Time "13:01:47"]
[TimeControl "900+5"]

1. e4 c6 2. Nf3 d5 3. exd5 cxd5 4. d4 Nf6 5. Nc3 Nc6 6. Be3 g6 7. Bd3 Bg7 8.
O-O O-O 9. h3 a6 10. a4 Nb4 11. Re1 Nxd3 12. Qxd3 Bf5 13. Qd2 b6 14. b3 Rc8
15. Bf4 Ne4 16. Nxe4 Bxe4 17. Rab1 Rxc2 18. Qb4 a5 19. Qb5 Rc3 20. Ne5 Bxe5
21. dxe5 Bd3 22. Qxd3 Rxd3 23. e6 fxe6 24. Bg3 {White resigns} 0-1

[Event "ICC tourney 2069 (15 5)"]
[Site "Internet Chess Club"]
[Date "2020.10.18"]
[Round "2"]
[White "ANJANIPODICC"]
[Black "Nani123"]
[Result "0-1"]
[ICCResult "White resigns"]
[WhiteElo "1252"]
[BlackElo "1016"]
[Opening "Caro-Kann: closed (Breyer) variation"]
[ECO "B10"]
[NIC "CK.01"]
[Time "13:01:13"]
[TimeControl "900+5"]

1. e4 c6 2. d3 e5 3. Nf3 d6 4. d4 Nd7 5. dxe5 Nxe5 6. g4 Bxg4 7. Be2 Nxf3+
8. Bxf3 Bxf3 9. Qxf3 Nf6 10. Nc3 Qc7 11. b4 Qb6 12. Qf4 Qd4 13. Be3 Qxc3+
14. Kd1 Qxa1+ 15. Kd2 Qxh1 16. e5 Qd5+ 17. Ke2 Qxe5 18. Qxe5+ dxe5 19. Bc5
Bxc5 20. bxc5 Nd7 21. a4 Nxc5 22. a5 b6 23. axb6 axb6 24. c4 Ra4 25. Ke3
Rxc4 26. f4 exf4+ 27. Kd2 f3 28. Ke1 Ra4 29. h3 Ra2 {White resigns} 0-1

[Event "ICC tourney 2069 (15 5)"]
[Site "Internet Chess Club"]
[Date "2020.10.18"]
[Round "2"]
[White "zachgurion"]
[Black "Omk"]
[Result "0-1"]
[ICCResult "White resigns"]
[WhiteElo "1164"]
[BlackElo "1463"]
[Opening "King's pawn game"]
[ECO "C50"]
[NIC "IG.03"]
[Time "13:01:34"]
[TimeControl "900+5"]

1. e4 e5 2. Nf3 Nc6 3. Bc4 h6 4. O-O Nf6 5. Nc3 Bc5 6. Ne2 Nxe4 7. d4 exd4
8. Nexd4 Nxd4 9. Nxd4 Qf6 10. c3 O-O 11. Be3 d6 12. Nb5 c6 13. Nc7 Rb8 14.
Bxc5 Nxc5 15. Qxd6 Qxd6 {White resigns} 0-1

[Event "ICC tourney 2069 (15 5)"]
[Site "Internet Chess Club"]
[Date "2020.10.18"]
[Round "2"]
[White "adimaj"]
[Black "Amiral"]
[Result "1-0"]
[ICCResult "Black resigns"]
[WhiteElo "1429"]
[BlackElo "1412"]
[Opening "QGD Slav defense"]
[ECO "D10"]
[NIC "SL.01"]
[Time "13:01:44"]
[TimeControl "900+5"]

1. d4 d5 2. c4 c6 3. Nc3 Nf6 4. Bf4 Bf5 5. e3 e6 6. Nf3 Bb4 7. a3 Bxc3+ 8.
bxc3 Nbd7 9. Be2 dxc4 10. Bxc4 O-O 11. O-O c5 12. h3 cxd4 13. cxd4 Rc8 14.
Bd3 Bxd3 15. Qxd3 h6 16. Rab1 b6 17. Ne5 Qc7 18. Ng6 Qc3 19. Qxc3 Rxc3 20.
Nxf8 Kxf8 21. Rfc1 Rxa3 22. Rc8+ Ke7 23. Rc6 a5 24. Bd6+ Kd8 25. Bxa3
{Black resigns}
1-0

[Event "ICC tourney 2069 (15 5)"]
[Site "Internet Chess Club"]
[Date "2020.10.18"]
[Round "2"]
[White "smanek75"]
[Black "sasha-zlodorev"]
[Result "1/2-1/2"]
[ICCResult "Game drawn because neither player has mating material"]
[WhiteElo "1596"]
[BlackElo "1341"]
[Opening "Philidor's defense"]
[ECO "C41"]
[NIC "KP.10"]
[Time "13:01:12"]
[TimeControl "900+5"]

1. e4 e5 2. Nf3 d6 3. h3 Nf6 4. Nc3 Be7 5. Bc4 Nc6 6. a3 O-O 7. d3 Nd4 8.
Nxd4 exd4 9. Ne2 c5 10. Bd2 d5 11. exd5 Nxd5 12. Nf4 Nxf4 13. Bxf4 Bg5 14.
Qf3 Re8+ 15. Kf1 Bxf4 16. Qxf4 Be6 17. Bb5 Bd7 18. Bc4 Qe7 19. Qd2 b5 20.
Bb3 Bc6 21. f3 Qe3 22. Qxe3 Rxe3 23. Kf2 Rae8 24. Rhe1 Kf8 25. Rxe3 Rxe3 26.
Re1 Rxe1 27. Kxe1 Ke7 28. Kf2 f6 29. g4 Kd6 30. f4 a5 31. Kg3 Bd5 32. Bxd5
Kxd5 33. Kf3 c4 34. h4 b4 35. h5 g6 36. h6 g5 37. axb4 axb4 38. dxc4+ Kxc4
39. Ke2 gxf4 40. Kf3 d3 41. cxd3+ Kxd3 42. Kxf4 Kc2 43. Kf5 Kxb2 44. Kxf6 b3
45. Kg7 Kc3 46. Kxh7 b2 47. Kg7 b1=Q 48. g5 Kd4 49. g6 Ke5 50. h7 Qb7+ 51.
Kh6 Kf5 52. h8=Q Qh1+ 53. Kg7 Qxh8+ 54. Kxh8 Kxg6
{Game drawn because neither player has mating material}
1/2-1/2

[Event "ICC tourney 2069 (15 5)"]
[Site "Internet Chess Club"]
[Date "2020.10.18"]
[Round "2"]
[White "Joselin2k16"]
[Black "mgelgi"]
[Result "0-1"]
[ICCResult "White checkmated"]
[WhiteElo "1249"]
[BlackElo "1406"]
[Opening "English opening"]
[ECO "A20"]
[NIC "EO.25"]
[Time "13:01:26"]
[TimeControl "900+5"]

1. c4 e5 2. e3 Nf6 3. g3 d5 4. b3 dxc4 5. bxc4 Nc6 6. Nc3 Bg4 7. f3 Be6 8.
Bg2 Bc5 9. Nge2 Qd7 10. O-O O-O-O 11. d3 Bh3 12. Qd2 Bxg2 13. Kxg2 h5 14. h4
Rdg8 15. Rd1 g5 16. d4 exd4 17. exd4 Bd6 18. d5 Ne7 19. Qd3 gxh4 20. Rh1
hxg3 21. Be3 h4 22. Qd4 h3+ 23. Rxh3 Qxh3+ 24. Kg1 Qh1# {White checkmated}
0-1

[Event "ICC tourney 2069 (15 5)"]
[Site "Internet Chess Club"]
[Date "2020.10.18"]
[Round "2"]
[White "pauldepstein"]
[Black "shreyanshdaga"]
[Result "1-0"]
[ICCResult "Black checkmated"]
[WhiteElo "1147"]
[BlackElo "149"]
[Opening "Sicilian: Alapin's variation (2.c3)"]
[ECO "B22"]
[NIC "SI.46"]
[Time "13:01:47"]
[TimeControl "900+5"]

1. e4 c5 2. c3 d6 3. d4 cxd4 4. cxd4 Nc6 5. Nc3 Nf6 6. f4 g6 7. Nf3 Bg7 8.
Bc4 O-O 9. O-O Bd7 10. e5 dxe5 11. fxe5 Nh5 12. Be2 Qb6 13. Kh1 e6 14. Na4
Qb4 15. Bd2 Qxa4 16. Qxa4 Rad8 17. Bb5 a6 18. Bxc6 Bxc6 19. Qd1 b5 20. g4
Nf4 21. Bxf4 a5 22. Be3 f6 23. exf6 Rxf6 24. Bg5 Rf7 25. Bxd8 b4 26. Kg1 Bb5
27. Ne5 Bxe5 28. Rxf7 Kxf7 29. dxe5 Ke8 30. Qd6 Bd7 31. Qe7# {Black
checkmated} 1-0

[Event "ICC tourney 2069 (15 5)"]
[Site "Internet Chess Club"]
[Date "2020.10.18"]
[Round "2"]
[White "SatvikSharma"]
[Black "betterone76"]
[Result "1-0"]
[ICCResult "Black resigns"]
[WhiteElo "1613"]
[BlackElo "1811"]
[Opening "Pirc: classical (two knights) system"]
[ECO "B08"]
[NIC "PU.10"]
[Time "13:01:21"]
[TimeControl "900+5"]

1. e4 d6 2. d4 Nf6 3. Nc3 g6 4. Nf3 Bg7 5. Bg5 h6 6. Bxf6 Bxf6 7. e5 dxe5 8.
dxe5 Qxd1+ 9. Rxd1 Bg7 10. Nd5 O-O 11. Nxc7 Bg4 12. Be2 Nc6 13. Nxa8 Rxa8
14. h3 Bxf3 15. Bxf3 Bxe5 16. Bxc6 bxc6 17. Rd7 Kf8 18. c3 Rb8 19. Rxa7 Rxb2
20. O-O Rc2 21. Ra8+ Kg7 22. Ra3 Bxc3 23. Ra6 Bd4 24. a4 c5 25. Rc6 c4 26.
a5 c3 27. a6 Rd2 28. Rc7 Bf6 29. a7 Ra2 30. g3 c2 31. Rxc2 Rxa7 32. h4 h5
33. f3 e5 34. Rc6 Ra2 35. f4 e4 36. Re1 Ra3 37. Kh2 e3 38. Rc2 Bd4 39. Rce2
f5 40. Kg2 Kf6 41. Kf3 Ke6 42. Rc2 Kd5 43. Ke2 Ke4 44. Rd1 Ra4 45. Rdc1 Rb4
46. Rc4 Rxc4 47. Rxc4 Kd5 48. Ra4 Ke4 49. Ra6 Kd5 50. Rxg6 Bc5 51. Rg5 Ke6
52. Rxh5 Kf6 53. Rh6+ Kg7 54. Rc6 Bd4 55. Rc7+ Kg6 56. Rd7 Bc5 57. Rc7 Bd4
58. Rc6+ Kh5 59. Rd6 Bc5 60. Rd5 Be7 61. Rxf5+ Kg4 62. Re5 Bf6 63. Rxe3
{Black resigns}
1-0

[Event "ICC tourney 2069 (15 5)"]
[Site "Internet Chess Club"]
[Date "2020.10.18"]
[Round "2"]
[White "wildrumpus"]
[Black "greasyaluminum"]
[Result "0-1"]
[ICCResult "White resigns"]
[WhiteElo "1484"]
[BlackElo "1412"]
[Opening "Queen's pawn: stonewall attack"]
[ECO "D00"]
[NIC "QP.08"]
[Time "13:01:44"]
[TimeControl "900+5"]

1. d4 d5 2. e3 Nf6 3. Bd3 e6 4. Nd2 Be7 5. f4 c5 6. c3 Nc6 7. Ngf3 O-O 8.
O-O b6 9. Ne5 Bb7 10. Qf3 Ne4 11. Nxe4 dxe4 12. Bxe4 Nxe5 13. fxe5 Bxe4 14.
Qxe4 Qc7 15. Rf3 Rae8 16. Rh3 g6 17. Qf4 f6 18. Qh6 Bd8 19. Bd2 fxe5 20.
dxe5 Rf5 21. c4 Bg5 22. e4 Bxh6 23. Rxh6 Rxe5 24. Bf4 Rf8 25. Bxe5 Qxe5 26.
Rd1 Qxe4 27. Kh1 Qf4 28. Rxg6+ hxg6 {White resigns} 0-1

[Event "ICC tourney 2069 (15 5)"]
[Site "Internet Chess Club"]
[Date "2020.10.18"]
[Round "2"]
[White "Tacticsguy52"]
[Black "pranavchalla"]
[Result "1-0"]
[ICCResult "Black checkmated"]
[WhiteElo "1877"]
[BlackElo "1479"]
[Opening "French: Tarrasch, closed variation"]
[ECO "C05"]
[NIC "FR.16"]
[Time "13:01:47"]
[TimeControl "900+5"]

1. e4 e6 2. d4 d5 3. Nd2 Nf6 4. e5 Ne4 5. Nxe4 dxe4 6. Ne2 c5 7. c3 cxd4 8.
cxd4 Bb4+ 9. Bd2 Qa5 10. Bxb4 Qxb4+ 11. Qd2 Qxd2+ 12. Kxd2 O-O 13. Nc3 f5
14. exf6 Rxf6 15. Nxe4 Rf4 16. Ke3 Rf5 17. Nd6 Rf8 18. Bc4 Bd7 19. Nxb7 Nc6
20. Nc5 Na5 21. Nxd7 Nxc4+ 22. Kd3 Rfd8 23. Kxc4 Rxd7 24. Rac1 Rc8+ 25. Kd3
Rc3+ 26. Rxc3 e5 27. Rc4 exd4 28. Rxd4 Rxd4+ 29. Kxd4 a5 30. Re1 Kf7 31. a3
Kf6 32. b4 axb4 33. axb4 Kf5 34. b5 g5 35. b6 h5 36. b7 h4 37. b8=Q g4 38.
Qe5+ Kg6 39. Qd6+ Kf5 40. Re5+ Kf4 41. Qf6# {Black checkmated} 1-0

[Event "ICC tourney 2069 (15 5)"]
[Site "Internet Chess Club"]
[Date "2020.10.18"]
[Round "2"]
[White "prkukuku"]
[Black "temporarydanger"]
[Result "1-0"]
[ICCResult "Black resigns"]
[WhiteElo "1335"]
[BlackElo "1141"]
[Opening "Two knights defense"]
[ECO "C58"]
[NIC "KP.01"]
[Time "13:01:14"]
[TimeControl "900+5"]

1. e4 e5 2. Nf3 Nc6 3. Bc4 Nf6 4. Ng5 d5 5. exd5 Na5 6. Bb5+ c6 7. dxc6 Nxc6
8. d3 Bg4 9. f3 Bf5 10. Qe2 Bd6 11. Bxc6+ bxc6 12. Ne4 Nxe4 13. fxe4 Bg6 14.
Be3 O-O 15. Nd2 Qa5 16. O-O Bc5 17. Nc4 Bxe3+ 18. Qxe3 Qd8 19. Nxe5 Bh5 20.
Rae1 f5 21. exf5 Qd6 22. g4 Be8 23. g5 h6 24. gxh6 Qxh6 25. Qxh6 gxh6 26. f6
Bh5 27. f7+ Kg7 28. Re3 Rab8 29. Rg3+ Kh7 30. Nd7 Rxf7 31. Rxf7+ Bxf7 32.
Nxb8 {Black resigns} 1-0

[Event "ICC tourney 2069 (15 5)"]
[Site "Internet Chess Club"]
[Date "2020.10.18"]
[Round "2"]
[White "chessplayz"]
[Black "bengernt"]
[Result "0-1"]
[ICCResult "White resigns"]
[WhiteElo "1348"]
[BlackElo "1389"]
[Opening "Sicilian"]
[ECO "B50"]
[NIC "SI.01"]
[Time "13:01:28"]
[TimeControl "900+5"]

1. e4 c5 2. Nf3 d6 3. Nc3 Nc6 4. Bc4 Nf6 5. d3 g6 6. Bg5 Bg7 7. Nd5 e6 8.
Nxf6+ Bxf6 9. Bxf6 Qxf6 10. Qd2 Qxb2 11. O-O O-O 12. Qh6 Qg7 13. Qh4 e5 14.
Ng5 Kh8 15. Rfe1 a6 16. Re3 f6 17. Nh3 Bd7 18. Rb1 b5 19. Bd5 Rae8 20. Rg3
Nb4 21. Rxg6 Qxg6 22. Bb3 Be6 23. Bxe6 Rxe6 24. Re1 Nxc2 25. Re2 Nd4 26. Re3
Qf7 27. Rg3 Rg8 28. Rxg8+ Qxg8 29. g4 Nf3+ {White resigns} 0-1

[Event "ICC tourney 2069 (15 5)"]
[Site "Internet Chess Club"]
[Date "2020.10.18"]
[Round "2"]
[White "PADMINIPODICC"]
[Black "njchess"]
[Result "0-1"]
[ICCResult "White resigns"]
[WhiteElo "1089"]
[BlackElo "852"]
[Opening "Queen's pawn game"]
[ECO "A45"]
[NIC "QP.07"]
[Time "13:01:25"]
[TimeControl "900+5"]

1. d4 Nf6 2. e3 d5 3. Nc3 g6 4. Bb5+ c6 5. Ba4 Bg7 6. Qd3 O-O 7. f3 Bf5 8.
e4 Be6 9. Bf4 Na6 10. Qe3 Nb4 11. h4 b5 12. Bb3 dxe4 13. fxe4 Bxb3 14. cxb3
Nc2+ 15. Kd2 Nxe3 16. Bxe3 Ng4 17. Rf1 Bxd4 18. Bxd4 Qxd4+ 19. Ke2 Ne5 20.
h5 Qd3+ 21. Kf2 Qd2+ 22. Nge2 Nd3+ 23. Kf3 Ne5+ 24. Kg3 Qd3+ 25. Kf2 Ng4+
26. Ke1 Rad8 27. Rf4 Qd2+ 28. Kf1 Ne3+ 29. Kf2 Nc2 30. Rf1 gxh5 31. Kg3 Rd3+
{White resigns}
0-1

[Event "ICC tourney 2069 (15 5)"]
[Site "Internet Chess Club"]
[Date "2020.10.18"]
[Round "2"]
[White "sahti2009"]
[Black "Deng18"]
[Result "0-1"]
[ICCResult "White resigns"]
[WhiteElo "1207"]
[BlackElo "1536"]
[Opening "Queen's pawn game, Chigorin variation"]
[ECO "D02"]
[NIC "QP.08"]
[Time "13:01:03"]
[TimeControl "900+5"]

1. d4 d5 2. Nf3 Nc6 3. e3 Nf6 4. Bd3 Bd7 5. O-O e6 6. b3 Bd6 7. Ne5 Nxe5 8.
dxe5 Bxe5 9. c3 O-O 10. Bb2 h6 11. Nd2 c5 12. Nf3 Bd6 13. c4 Bc6 14. Qc2
dxc4 15. bxc4 Bxf3 16. gxf3 Nh5 17. Bh7+ Kh8 18. Bxg7+ Nxg7 19. f4 f5 20.
Bg6 Qf6 21. Bxf5 Nxf5 22. Kh1 Rg8 23. Rg1 Raf8 24. Qe2 Rxg1+ 25. Rxg1 Rg8
26. Rxg8+ Kxg8 27. Qg4+ Qg7 28. Qf3 Nh4 29. Qg3 Nf5 30. Qf3 Kh7 31. Qxb7
Qxb7+ {White resigns} 0-1